 Dungeon Sprint DCSS version 0.31-a0-968-g24f9ace8b5 (webtiles) character file.

Game seed: 3835892997574991179

3012 Gladio the Slicer (level 9, -8/75 HPs)
             Began as a Vampire Gladiator on Oct 27, 2023.
             Was a Priest of Uskayaw.
             Mangled by a komodo dragon (20 damage)
             ... in the Dungeon (Sprint IX: "|||||||||||||||||||||||||||||").
             The game lasted 00:02:52 (565 turns).

Gladio the Slicer (Vampire Gladiator)                Turns: 565, Time: 00:02:53

Health: -8/75      AC: 16    Str: 13    XL:     9   Next: 55%
Magic:  10/14      EV: 12    Int: 10    God:    Uskayaw [***...]
Gold:   20         SH:  0    Dex: 20    Spells: 8/8 levels left

rFire   . . .        p - +5 rapier (venom)
rCold   . . .        (no shield)
rNeg    . . .        q - +1 chain mail
rPois   .            c - +0 helmet
rElec   .            (no cloak)
rCorr   .            (no gloves)
SInv    +            o - +2 pair of boots
Will    .....        (no amulet) Stlth
                     (no ring)
HPRegen 0.52/turn    (no ring)
MPRegen 0.14/turn

%: no teleportation
@: lethally poisoned (-8 -> -25), healing quickly
A: alive, fangs 3, see invisible, vampiric 2
a: Exsanguinate, Renounce Religion, Stomp, Line Pass


You were in the Dungeon.
You worshipped Uskayaw.
Uskayaw was noncommittal.
You visited 1 branch You collected 20 gold pieces.

Inventory:

Hand Weapons
 a - a +0 rapier
 p - a +5 rapier of venom (weapon)
Missiles
 d - 3 throwing nets (quivered)
 e - a javelin
Armour
 b - a +0 leather armour
 c - a +0 helmet (worn)
 o - a +2 pair of boots (worn)
 q - a +1 chain mail (worn)
Jewellery
 m - a +2 ring of protection
 n - a +3 ring of intelligence
Wands
 l - a wand of iceblast (10)
Scrolls
 j - 2 scrolls of amnesia
 k - 2 scrolls of blinking
 u - 2 scrolls of fog
 w - a scroll of fear
 x - a scroll of identify
Potions
 f - 6 potions of curing
 g - a potion of invisibility
 h - 2 potions of might
 i - 4 potions of magic
 r - a potion of berserk rage
 s - 2 potions of heal wounds


   Skills:
 + Level 8.9 Fighting
 * Level 14.7 Short Blades
 - Level 1.5 Throwing
 + Level 7.9 Armour
 + Level 10.7 Dodging
 + Level 7.1 Invocations


You had 8 spell levels left.
You didn't know any spells.
Your spell library was empty.

Dungeon Overview and Level Annotations

Branches:
Dungeon (1/1)

Altars:
Cheibriados
Dithmenos
Fedhas
Gozag
Hepliaklqana
Kikubaaqudgha
Makhleb
Nemelex Xobeh
Okawaru
Qazlal
Ru
Sif Muna
Trog
Uskayaw
Vehumet
Wu Jian
Xom
Yredelemnul
Jiyva
Lugonu


Innate Abilities, Weirdness & Mutations

Your natural rate of healing is accelerated.
You have razor-sharp teeth.
You have supernaturally acute eyesight. (SInv)
You are afflicted with vampirism and can become a bat while bloodless.


Message History

Uskayaw will force your foes to share their pain.
Uskayaw links your audience in an emotional bond!
You barely miss the black mamba.
The black mamba is lightly wounded.
You feel sick.
The water moccasin hisses angrily.
The black mamba bites you.
You are more poisoned.
The black mamba poisons you!
You puncture the black mamba!
The black mamba is heavily wounded.
You feel very sick.
The blink frog blinks!
The black mamba bites you but does no damage.
Aiming: Line Pass
Press: ? - help, Dir - move target The black mamba appears confused. x2; The bullfrog appears confused.
The komodo dragon appears confused.
The basilisk appears confused.
The water moccasin appears confused.
You feel very sick.
The black mamba bites the bullfrog!
The bullfrog barely misses the black mamba.
The water moccasin bites you.
You are lethally poisoned!
The water moccasin poisons you!
The water moccasin barely misses itself.
The komodo dragon bites the basilisk!!
You kill the water moccasin!
You kill the bullfrog!
The basilisk is killed!
Your Invocations skill increases to level 7!
Okay, then.
* * * LOW HITPOINT WARNING * * *
You feel extremely sick.
The komodo dragon is no longer sharing its pain.
The black mamba bites the komodo dragon.
The black mamba bites itself!
* * * LOW HITPOINT WARNING * * *
You feel very sick.
The komodo dragon seems less confused.
The black mamba seems less confused. x2
The komodo dragon bites you!!
You die...

▓.▓_▓
▓.▓_▓
▓.▓_▓
▓.▓_▓
▓+▓.▓_▓
▓.▓.▓_▓
▓.▓.▓_▓
▓.▓.▓_▓
▓@▓.▓_▓
▓l▓.▓_▓
▓S▓.▓_▓
▓.▓.▓_▓
▓S▓.▓_▓
▓.▓.▓_▓
▓F▓.▓_▓
▓.▓.▓_▓
▓.▓.▓_▓


You could see a komodo dragon, 2 black mambas and a blink frog (pain bonded).

Vanquished Creatures
  A deep elf pyromancer (D)
  2 cyclopes (D)
  A cane toad (D)
  A hornet (D)
  A troll (D)
  A wyvern (D)
  A yak (D)
  2 basilisks (D)
  A steam dragon (D)
  An acid dragon (D)
  A water moccasin (D)
  An ogre (D)
  2 centaurs (D)
  2 bullfrogs (D)
  A killer bee (D)
  2 adders (D)
  An orc (D)
  2 endoplasms (D)
  A goblin (D)
  A hobgoblin (D)
  A kobold (D)
27 creatures vanquished.

Notes
Turn   | Place    | Note
-------+----------+-------------------------------------------
     0 | D        | Gladio the Vampire Gladiator began the quest for the Orb.
     0 | D        | Reached XP level 1. HP: 16/16 MP: 1/1
    12 | D        | Reached skill level 4 in Short Blades
    14 | D        | Reached skill level 1 in Armour
    27 | D        | Noticed a centaur
    27 | D        | Noticed an ogre
    38 | D        | Reached XP level 2. HP: 21/23 MP: 2/2
    43 | D        | HP: 1/23 [ogre/+0 giant club (5)]
    47 | D        | Killed an ogre
    48 | D        | Reached skill level 7 in Short Blades
    48 | D        | Reached skill level 5 in Dodging
    48 | D        | Gained mutation: You are afflicted with vampirism and can
                  | become a bat while bloodless. [Vampire growth]
    48 | D        | Reached XP level 3. HP: 30/30 MP: 3/3
    48 | D        | Reached XP level 4. HP: 37/37 MP: 4/4
    52 | D        | Killed a centaur
    53 | D        | Reached skill level 8 in Short Blades
    53 | D        | Reached XP level 5. HP: 43/43 MP: 5/5
    96 | D        | Found a snail-covered altar of Cheibriados.
    96 | D        | Found a shadowy altar of Dithmenos.
    96 | D        | Found a blossoming altar of Fedhas.
    96 | D        | Found an opulent altar of Gozag.
    97 | D        | Found a hazy altar of Hepliaklqana.
    98 | D        | Found a viscous altar of Jiyva.
    99 | D        | Found an ancient bone altar of Kikubaaqudgha.
   100 | D        | Found a corrupted altar of Lugonu.
   101 | D        | Found a burning altar of Makhleb.
   102 | D        | Found a sparkling altar of Nemelex Xobeh.
   103 | D        | Found an iron altar of Okawaru.
   104 | D        | Found a stormy altar of Qazlal.
   105 | D        | Found a sacrificial altar of Ru.
   106 | D        | Found a shimmering blue altar of Sif Muna.
   107 | D        | Found a bloodstained altar of Trog.
   108 | D        | Found a hide-covered altar of Uskayaw.
   109 | D        | Found a radiant altar of Vehumet.
   110 | D        | Found an ornate altar of the Wu Jian Council.
   111 | D        | Found a shimmering altar of Xom.
   112 | D        | Found a basalt altar of Yredelemnul.
   116 | D        | Became a worshipper of Uskayaw the Reveller
   167 | D        | Noticed a yak
   167 | D        | Noticed a hornet
   167 | D        | Noticed a troll
   167 | D        | Noticed a wyvern
   167 | D        | Noticed a steam dragon
   168 | D        | Reached * piety under Uskayaw
   171 | D        | Reached ** piety under Uskayaw
   173 | D        | Killed a steam dragon
   174 | D        | Reached skill level 5 in Fighting
   174 | D        | Reached skill level 9 in Short Blades
   174 | D        | Reached XP level 6. HP: 31/51 MP: 5/7
   177 | D        | Reached *** piety under Uskayaw
   178 | D        | Killed a wyvern
   179 | D        | Reached skill level 10 in Short Blades
   179 | D        | Reached skill level 5 in Armour
   185 | D        | Reached **** piety under Uskayaw
   186 | D        | Killed a yak
   187 | D        | Reached XP level 7. HP: 41/59 MP: 2/9
   189 | D        | Reached skill level 11 in Short Blades
   191 | D        | Killed a hornet
   193 | D        | Reached ***** piety under Uskayaw
   194 | D        | Killed a troll
   195 | D        | Reached skill level 12 in Short Blades
   195 | D        | Reached XP level 8. HP: 18/67 MP: 2/11
   302 | D        | Noticed a cyclops
   302 | D        | Noticed a deep elf pyromancer
   302 | D        | Noticed a cyclops
   317 | D        | Reached skill level 5 in Invocations
   328 | D        | Killed a cyclops
   329 | D        | Reached skill level 13 in Short Blades
   331 | D        | Killed a deep elf pyromancer
   334 | D        | Reached skill level 10 in Dodging
   334 | D        | Reached XP level 9. HP: 30/74 MP: 7/13
   335 | D        | Killed a cyclops
   336 | D        | Reached skill level 14 in Short Blades
   546 | D        | Noticed a black mamba
   546 | D        | Noticed a black mamba
   546 | D        | Noticed a cane toad
   549 | D        | Noticed a komodo dragon
   556 | D        | Killed a cane toad
   565 | D        | Mangled by a komodo dragon

Illustrated notes

Levels and vault maps discovered:
D:        linesprint [early_d, line_temple, items_1, d_10, items_2, lair_1,
          lair_end, items_3, orc_1, orc_end, items_4, d_15, swamp_1, shoals_1,
          snake_1, spider_1, d_20, vaults_1, items_5, swamp_end, shoals_end,
          snake_end, spider_end, vaults_end, d_27, items_6, zot_1, zot_end,
          crypt_end, forest_end, elf_end, slime_end, tomb_end, abyss_end,
          pan_hell_end]

Skill      XL: |  1  2  3  4  5  6  7  8  9 |
---------------+----------------------------+-----
Fighting       | 2 3 4 5 6 7 8 |  8.9
Short Blades   | 4 7 8 9 10 12 13 14 | 14.7
Armour         | 1 3 4 5 6 7 |  7.9
Dodging        | 4 5 6 7 8 10 | 10.7
Invocations    | 2 3 4 6 7 |  7.1
Throwing       | |  1.5

Action                     |  1- 3 |  4- 6 |  7- 9 || total
---------------------------+-------+-------+-------++-------
  Melee: Rapier            |    24 |    26 |    42 ||    92
         Bite              |     3 |     4 |     3 ||    10
         Punch             |     1 |       |     2 ||     3
 Invoke: Line Pass         |       |     1 |     2 ||     3
    Use: Potion            |     3 |     1 |     1 ||     5
         Scroll            |       |       |     5 ||     5
   Stab: Paralysed         |       |     1 |     2 ||     3
 Armour: Leather armour    |     8 |     2 |       ||    10
         Chain mail        |       |    15 |    28 ||    43
  Dodge: Dodged            |    13 |    13 |    12 ||    38

Table legend: (Time is in decaauts)
 A = Elapsed time spent in this place.
 B = Non-inter-level travel time spent in this place.
 C = Inter-level travel time spent in this place.
 D = Time resting spent in this place.
 E = Time spent auto-exploring this place.
 F = Levels seen in this place.
 G = Mean time per level.
                   A        B        C        D        E       F      G
               +--------+--------+--------+--------+--------+-----+--------+
         Total |    536 |    477 |     59 |      0 |    341 |   1 |  536.0 |
       Dungeon |    536 |    477 |     59 |      0 |    341 |   1 |  536.0 |
               +--------+--------+--------+--------+--------+-----+--------+

Top non-repeatable levels by time:
       D: 536 daAuts
